 Dungeon Crawl Stone Soup version 0.19.1 (webtiles) character file.

4423 Dfrag the Destroyer (level 10, -4/75 HPs)
             Began as a Naga Fire Elementalist on Nov 29, 2016.
             Was an Initiate of Makhleb.
             Slain by a seven-headed hydra (11 damage)
             ... summoned by a crimson imp
             ... on level 8 of the Dungeon.
             The game lasted 00:15:39 (8531 turns).

Dfrag the Destroyer (Naga Fire Elementalist)        Turns: 8531, Time: 00:15:40

Health: -4/75      AC:  8    Str: 11    XL:     10   Next: 36%
Magic:  17/18      EV:  9    Int: 22    God:    Makhleb [......]
Gold:   373        SH:  0    Dex: 12    Spells: 4 memorised, 7 levels left

rFire  . . .     SeeInvis +     A - +2 flail (crush)
rCold  . . .     Gourm    .     J - +3 leather armour {MR+}
rNeg   . . .     Faith    .     (no shield)
rPois  +         Spirit   .     (no helmet)
rElec  .         Reflect  .     (no cloak)
rCorr  .         Harm     .     x - +0 pair of gloves
MR     ++...                    (no barding)
Stlth  ++........               (no amulet)
                                u - ring of wizardry
                                k - +4 ring of intelligence

@: about to teleport, drained, very slow
A: see invisible, deformed body, poison resistance, slowness 2, slow metabolism
1, spit poison 1, no device heal 1, AC +3
a: Spit Poison, Renounce Religion


You were on level 8 of the Dungeon.
You worshipped Makhleb.
Makhleb was noncommittal.
You were hungry.

You visited 2 branches of the dungeon, and saw 10 of its levels.
You also visited: Ossuary.

You collected 373 gold pieces.

Inventory:

Hand Weapons
 A - a +2 flail of crushing (weapon)
 H - a +1 flail of holy wrath
Armour
 a - a +0 robe
 x - a +0 pair of gloves (worn)
 J - a +3 leather armour of magic resistance (worn)
Jewellery
 k - a +4 ring of intelligence (left hand)
 o - an uncursed ring of protection from magic
 u - a ring of wizardry (right hand)
Wands
 F - a wand of acid (4/15)
 K - a wand of lightning (7/15)
Scrolls
 d - 2 scrolls of enchant weapon
 f - 3 scrolls of magic mapping {unknown}
 h - 2 scrolls of enchant armour
 l - 2 scrolls of fear
 p - 3 scrolls of teleportation
 q - a scroll of fog {unknown}
 y - 3 scrolls of recharging {unknown}
 B - 2 scrolls of remove curse
 D - a scroll of acquirement {unknown}
 G - a scroll of silence {unknown}
 I - a scroll of identify
 L - a scroll of random uselessness {unknown}
Potions
 e - 2 potions of ambrosia {unknown}
 g - 2 potions of mutation {unknown}
 i - 2 potions of berserk rage {unknown}
 j - a potion of degeneration {unknown}
 m - 5 potions of haste {unknown}
 n - 9 potions of curing {unknown}
 r - a potion of cure mutation {unknown}
 s - a potion of heal wounds
 t - 2 potions of magic {unknown}
 w - a potion of resistance {unknown}
 z - 3 potions of might {unknown}
 C - a potion of brilliance {unknown}
Books
 b - a book of Flames

   Spells                             Type                      Level
   a - Flame Tongue                   Conjuration/Fire             1
   b - Throw Flame                    Conjuration/Fire             2
   c - Conjure Flame                  Conjuration/Fire             3
   d - Inner Flame                    Hexes/Fire                   3
   e - Sticky Flame                   Conjuration/Fire             4
   f - Fireball                       Conjuration/Fire             5
Comestibles
 c - 6 bread rations
 v - 3 meat rations
 E - 6 fruits
 M - 2 chunks of flesh


   Skills:
 - Level 1.5(1.3) Dodging
 - Level 3.0(2.7) Stealth
 + Level 5.7(5.5) Spellcasting
 + Level 10.5(10.2) Conjurations
 - Level 9.1(8.9) Fire Magic


You had 7 spell levels left.
You knew the following spells:

 Your Spells              Type           Power        Failure   Level  Hunger
a - Flame Tongue          Conj/Fire      #####        1%          1    None
b - Conjure Flame         Conj/Fire      #####...     1%          3    ##.....
c - Fireball              Conj/Fire      #####.....   4%          5    #####..
d - Sticky Flame          Conj/Fire      #####...     1%          4    ####...


Dungeon Overview and Level Annotations

Branches:
Dungeon (9/15)             Temple (1/1) D:7            Lair (0/6) D:8
    Orc: D:9-12

Altars:
Dithmenos
Elyvilon
Fedhas
Gozag
Hepliaklqana
Makhleb
Nemelex Xobeh
Qazlal
Ru
Trog
Uskayaw
Vehumet
Xom
Yredelemnul
Zin


Innate Abilities, Weirdness & Mutations

You cannot wear boots.
Your serpentine skin is tough. (AC +3)
You have supernaturally acute eyesight. (SInv)
Armour fits poorly on your strangely shaped body.
Your system is resistant to poisons. (rPois)
You cover ground very slowly.
You have a slow metabolism.
You can spit poison.
Potions and wands are less effective at restoring your health.


Message History

The seven-headed hydra bites you but does no damage.
The seven-headed hydra barely misses you.
The seven-headed hydra bites you. x2
The crimson imp grins evilly.
The sky beast hits you. The sky beast shocks you.
The orc priest hits you with a dagger. The orc hits you but does no damage.
You feel drained.
The ball python bites you but does no damage.
As you read the scroll of teleportation, it crumbles to dust.
You feel strangely unstable.
The orc hits you with an antimagic trident.
You feel your power leaking away. The orc wizard barely misses you.
The seven-headed hydra bites you! x3
* * * LOW HITPOINT WARNING * * *
The seven-headed hydra bites you.
* * * LOW HITPOINT WARNING * * *
The seven-headed hydra bites you but does no damage.
The seven-headed hydra barely misses you.
The seven-headed hydra bites you!
You die...

#.# #.##
#.#### #...
#....# #...
#########.#
#.#.
#.........#
#.#.
#.........#
#...
#.........#
####
#...oo....#
#..5o@o...#
#...DYS<..#
#####'###.#
... .# #..
$# ####


You could see a seven-headed hydra, a sky beast, an orc priest, an orc wizard, a
crimson imp, 2 orcs and a ball python.

Vanquished Creatures
  4 yaks
  Eustachio (D:5)
  Menkaure (D:7)
  Edmund (D:5)
  A sky beast (D:7)
  2 black bears (D:6)
  An eye of draining (D:6)
  An ice beast (D:8)
  2 orc warriors (D:6)
  4 ogres
  A centaur (D:5)
  6 bullfrogs
  11 scorpions
  3 killer bees (D:7)
  2 crimson imps
  5 centaur zombies (Ossuary)
  A human zombie (Ossuary)
  A quasit (D:5)
  A jelly (D:8)
  A bullfrog skeleton (D:8)
  7 orc priests
  A hound (D:4)
  Jessica (D:2)
  A gnoll shaman (D:6)
  An iguana (D:8)
  4 worker ants
  7 orc wizards
  A killer bee zombie (D:7)
  2 big kobold zombies (Ossuary)
  3 mummies (Ossuary)
  5 gnolls
  3 scorpion zombies (Ossuary)
  2 worker ant zombies
  7 adders
  An ooze (D:3)
  2 worms
  2 dart slugs (D:1)
  3 leopard geckos
  30 orcs
  10 bats
  3 giant cockroaches
  2 gnoll zombies (Ossuary)
  5 goblins
  7 hobgoblins
  9 jackals
  10 kobolds
  5 quokkas
  4 ball pythons
  5 frilled lizards
  A hobgoblin zombie (Ossuary)
  A kobold zombie (Ossuary)
  A leopard gecko skeleton (D:4)
  An orc zombie (Ossuary)
  A quokka zombie (D:5)
  7 rats
  A rat zombie (D:5)
206 creatures vanquished.

Vanquished Creatures (others)
  An adder (D:2)
  A goblin zombie (Ossuary)
  A kobold zombie (Ossuary)
3 creatures vanquished.

Grand Total: 209 creatures vanquished

Notes
Turn   | Place    | Note
-------+----------+-------------------------------------------
     0 | D:1      | Dfrag the Naga Fire Elementalist began the quest for the Orb.
     0 | D:1      | Reached XP level 1. HP: 15/15 MP: 3/3
    72 | D:1      | Reached XP level 2. HP: 5/22 MP: 0/5
   556 | D:1      | Reached skill level 2 in Conjurations
   590 | D:1      | Reached XP level 3. HP: 28/28 MP: 6/6
  1071 | D:2      | Reached XP level 4. HP: 36/36 MP: 5/7
  1179 | D:2      | Noticed Jessica
  1180 | D:2      | Killed Jessica
  1180 | D:2      | Reached skill level 3 in Conjurations
  1289 | D:2      | Learned a level 3 spell: Conjure Flame
  1364 | D:2      | Found an opulent altar of Gozag.
  1557 | D:2      | Reached XP level 5. HP: 39/42 MP: 2/8
  1559 | D:2      | Found a stormy altar of Qazlal.
  2279 | D:3      | Reached skill level 4 in Conjurations
  2388 | D:3      | Reached skill level 5 in Fire Magic
  2388 | D:3      | Reached XP level 6. HP: 32/49 MP: 3/9
  2996 | D:4      | Learned a level 4 spell: Sticky Flame
  3233 | D:4      | Reached skill level 5 in Conjurations
  3233 | D:4      | Reached XP level 7. HP: 55/55 MP: 6/10
  3589 | D:5      | Entered Level 5 of the Dungeon
  3695 | D:5      | Found a sand-covered staircase.
  3702 | Ossuary  | Entered an ossuary
  4026 | Ossuary  | Reached skill level 6 in Conjurations
  4044 | Ossuary  | Reached XP level 8. HP: 48/62 MP: 2/11
  4370 | Ossuary  | Reached skill level 7 in Conjurations
  5020 | D:6      | Noticed Eustachio
  5493 | D:6      | Noticed Edmund
  5862 | D:5      | Killed Edmund
  5862 | D:5      | Reached XP level 9. HP: 65/68 MP: 4/12
  5934 | D:5      | Killed Eustachio
  5934 | D:5      | Reached skill level 8 in Conjurations
  6669 | D:6      | Found a bloodstained altar of Trog.
  6749 | D:6      | Reached skill level 9 in Conjurations
  7285 | D:7      | Noticed Menkaure
  7291 | D:7      | Killed Menkaure
  7398 | D:7      | Reached XP level 10. HP: 28/75 MP: 0/16
  7538 | D:7      | Found a staircase to the Ecumenical Temple.
  7556 | Temple   | Entered the Ecumenical Temple
  7562 | Temple   | Became a worshipper of Makhleb the Destroyer
  7587 | D:7      | Reached skill level 10 in Conjurations
  7592 | D:7      | Gained mutation: Potions and wands are less effective at restoring your health. [mutagenic meat]
  7732 | D:7      | Found a blossoming altar of Fedhas.
  7783 | D:7      | Learned a level 5 spell: Fireball
  7927 | D:8      | Reached skill level 5 in Spellcasting
  7966 | D:8      | Found a staircase to the Lair.
  8528 | D:8      | Noticed a seven-headed hydra
  8531 | D:8      | Slain by a seven-headed hydra

Skill      XL: |  1  2  3  4  5  6  7  8  9 10 |
---------------+-------------------------------+-----
Conjurations   | 2 3 4 5 6 7 9 10 | 10.5
Fire Magic     | 4 5 6 8 9 |  9.1
Spellcasting   | 4 5 |  5.7
Dodging        | |  1.5
Stealth        | |  3.0

Action                   |  1- 3 |  4- 6 |  7- 9 | 10-12 || total
-------------------------+-------+-------+-------+-------++-------
Melee: Unarmed           |    11 |       |       |       ||    11
       Mace              |    23 |    45 |       |       ||    68
       Flail             |       |       |   151 |    50 ||   201
 Cast: Flame Tongue      |    49 |   109 |    72 |     9 ||   239
       Sticky Flame      |       |       |    53 |    12 ||    65
       Fireball          |       |       |       |     2 ||     2
 Abil: Spit Poison       |     8 |    19 |     7 |     2 ||    36
  Use: Scroll            |       |     5 |     1 |     1 ||     7
 Stab: Sleeping          |     3 |     1 |     2 |       ||     6
  Eat: Chunk             |     2 |     7 |    16 |     6 ||    31
       Fruit             |       |       |     5 |     1 ||     6
       Pizza             |       |       |     1 |       ||     1
Armor: Robe              |    17 |    14 |    52 |       ||    83
       Leather armour    |       |       |    57 |    40 ||    97
Dodge: Dodged            |    51 |    57 |   190 |    51 ||   349
